 Dungeon Crawl Stone Soup version 0.25.0-26-g0c896c7088 (webtiles) character file.

Game seed: 13249869169307498924

35029 thecaretaker the Impaler (level 13, -10/100 (101) HPs)
             Began as a Merfolk Ice Elementalist on July 4, 2020.
             Was the Champion of Fedhas.
             Killed by divine providence
             ... invoked by a smoke demon
             ... summoned by an orc high priest
              (15 damage)
             ... while paralysed by a chaos spawn
             ... on level 2 of the Orcish Mines.
             The game lasted 01:02:50 (23145 turns).

thecaretaker the Impaler (MfIE)                    Turns: 23145, Time: 01:02:53

HP:   -10/100 (101) AC: 11    Str: 15    XL:     13   Next: 81%
MP:   25/31         EV:  2    Int: 19    God:    Fedhas [******]
Gold: 1891          SH:  0    Dex: 18    Spells: 9/24 levels left

rFire    . . .     SeeInvis .   K - +2 trident (vorpal)
rCold    . . .     Gourm    .   i - +0 buckler
rNeg     . . .     Faith    +   Y - +2 robe {MR+}
rPois    +         Spirit   .   U - +1 hat of Gimnu {rElec rCorr Int+4}
rElec    +         Reflect  .   (no cloak)
rCorr    +         Harm     .   y - +0 pair of gloves
MR       +....                  D - +0 pair of boots
Stlth    +++.......             j - amulet of faith
HPRegen  0.26/turn              F - ring "Cetyv" {rPois AC+4 Str+3 Dex+3 Stlth+}
MPRegen  0.22/turn              Q - ring of magical power

@: paralysed, lightly drained
A: change form in water, swift swim, stealthy swim
a: Wall of Briars, Grow Ballistomycete, Overgrow, Grow Oklob, Renounce Religion


You were on level 2 of the Orcish Mines.
You worshipped Fedhas.
Fedhas was exalted by your worship.
You were not hungry.

You visited 3 branches of the dungeon, and saw 16 of its levels.
You also visited: Sewer, Gauntlet and Ice Cave.

You collected 1891 gold pieces.

Inventory:

Hand Weapons
 z - a +0 halberd of flaming
 K - a +2 vorpal trident (weapon)
 V - a +1 glaive of freezing
Missiles
 s - 60 poisoned darts (quivered)
 v - 4 silver boomerangs
 C - 4 curare-tipped darts
 J - 9 javelins
Armour
 i - a +0 buckler (worn)
 y - a +0 pair of gloves (worn)
 D - a +0 pair of boots (worn)
 U - the +1 hat of Gimnu (worn) {rElec rCorr Int+4}
   (You found it in a Gauntlet)

   It affects your intelligence (+4).
   It insulates you from electricity.
   It provides partial protection from all sources of acid and corrosion.
 Y - a +2 robe of magic resistance (worn)
Jewellery
 j - an amulet of faith (around neck)
 F - the ring "Cetyv" (left hand) {rPois AC+4 Str+3 Dex+3 Stlth+}
   (You found it on level 7 of the Dungeon)

   [ring of protection]

   It affects your AC (+4).
   It affects your strength (+3).
   It affects your dexterity (+3).
   It protects you from poison.
   It makes you more stealthy.
 M - the amulet "Tiho" {RegenMP Int+5}
   (You found it in a Gauntlet)

   [amulet of magic regeneration]

   It increases your magic regeneration.
   It affects your intelligence (+5).
 Q - a ring of magical power (right hand)
Wands
 m - a wand of flame (79)
 o - a wand of iceblast (18)
 A - a wand of disintegration (24)
 I - a wand of enslavement (8)
 L - a wand of paralysis (5)
 N - a wand of polymorph (11)
 S - a wand of acid (33)
Scrolls
 a - 4 scrolls of remove curse
 f - 2 scrolls of amnesia
 n - 3 scrolls of enchant weapon
 p - 2 scrolls of blinking
 r - 5 scrolls of teleportation
 t - 6 scrolls of fear
 x - a scroll of fog
 G - a scroll of immolation
 H - a scroll of summoning
 W - a scroll of silence
Potions
 d - a potion of berserk rage
 e - a potion of resistance
 g - 7 potions of curing
 h - 5 potions of heal wounds
 k - 2 potions of cancellation
 l - a potion of stabbing
 q - 5 potions of lignification
 u - a potion of magic
 w - 2 potions of haste
 B - 2 potions of ambrosia
 R - 3 potions of flight
 T - 2 potions of mutation
Comestibles
 b - 4 chunks of flesh
 c - 23 rations


   Skills:
 + Level 9.1(9.0) Fighting
 - Level 17.2(17.0) Polearms
 - Level 11.4(11.2) Dodging
 - Level 2.1(2.0) Stealth
 - Level 4.0(3.8) Shields
 - Level 6.0(5.9) Spellcasting
 - Level 3.0(2.8) Charms
 - Level 3.2(3.0) Summonings
 - Level 8.6(8.4) Ice Magic
 - Level 11.7(11.6) Invocations


You had 9 spell levels left.
You knew the following spells:

 Your Spells              Type           Power        Failure   Level  Hunger
a - Freeze                Ice            ####         1%          1    None
b - Frozen Ramparts       Ice            #####.       1%          3    ##.....
c - Summon Ice Beast      Ice/Summ       ####....     11%         4    ####...
d - Hailstorm             Conj/Ice       ###.....     21%         4    ####...
e - Ozocubu's Armour      Chrm/Ice       ####....     3%          3    ##.....

Your spell library contained the following spells:

 Spells                   Type           Power        Failure   Level  Hunger
 Beastly Appendage        Tmut           #.....       12%         1    None
 Sticks to Snakes         Tmut           #.......     17%         2    None
 Ice Form                 Ice/Tmut       ###.....     21%         4    ####...
 Confusing Touch          Hex            #.......     34%         3    ##.....
 Gell's Gravitas          Tloc           #.........   34%         3    ##.....
 Ignite Poison            Fire/Tmut/Pois #.......     34%         3    ##.....
 Spider Form              Tmut/Pois      #.........   34%         3    ##.....
 Metabolic Englaciation   Hex/Ice        ###.......   50%         5    #####..
 Petrify                  Tmut/Erth      #.......     75%         4    ####...
 Blade Hands              Tmut           #.........   97%         5    #####..
 Fireball                 Conj/Fire      #.........   97%         5    #####..
 Yara's Violent Unravell  Hex/Tmut       #.........   97%         5    #####..
 Starburst                Conj/Fire      #.........   100%        6    #######
 Ring of Flames           Chrm/Fire      ##........   100%        7    #######
 Ignition                 Fire           #.........   100%        8    #######


Dungeon Overview and Level Annotations

Branches:
Dungeon (13/15)            Temple (1/1) D:4            Lair (0/6) D:11
    Orc (2/2) D:10            Elf (0/3) Orc:2         Sewer (visited)
  IceCv (visited)         Gauntlet (visited)
 Vaults: D:13-14

Altars:
Ashenzari
Cheibriados
Dithmenos
Elyvilon
Fedhas
Hepliaklqana
Kikubaaqudgha
Makhleb
Okawaru
Qazlal
Ru
Sif Muna
Trog
Uskayaw
Wu Jian
The Shining One
Beogh

Shops:
D:6 [   Orc:2 (


Message History

You hit the orc high priest.
The orc high priest is severely wounded.
The chaos spawn hits you!
You suddenly lose the ability to move!
The orc high priest hits you with a +0 dire flail.
The chaos spawn hits you.
The chaos spawn draws strength from your injuries!
Some of the chunks of flesh in your inventory have rotted away.
The orc high priest hits you with a +0 dire flail!
* * * LOW HITPOINT WARNING * * *
The chaos spawn hits you!
* * * LOW HITPOINT WARNING * * *
The chaos spawn shocks you. You resist.
* * * LOW HITPOINT WARNING * * *
The orc high priest hits you with a +0 dire flail!
* * * LOW HITPOINT WARNING * * *
The chaos spawn hits you but does no damage.
The smoke demon gestures at you. Beogh smites you!
You die...
Fedhas appreciates your contribution to the ecosystem.

#####5...oo...# #########'######
## ..# #.##...#.. #.# #o##...#.#
### #.##+###)###'##.# #.#
#....#oo........# ##.
####....#3##'##....# ## ..#
#..#....#o#...#....# # ..##
#..'.....@#.).#....+ #
#♣...###..#.####4#####.#### ##
#.....#####.#).#..[.......# #.
#......####.).!#.....####.######.
#......+....#..#..⌠..#..#....)...
.......####.####.....#[.'.####...
........# #..........#.)#.####...
........# ####.#####.####.#(.##..
......#.. #.#..[#......'..##..


You could see an orc high priest, a smoke demon (summoned), a chaos spawn
(summoned) and 2 orc priests.

Vanquished Creatures
  A minotaur (Gauntlet)
  An ettin (Orc:2)
  Erica (D:10)
  A centaur warrior (D:13)
  2 two-headed ogres (Orc:2)
  An unseen horror (D:12)
  A harpy (D:9)
  3 deep elf magi
  4 orc sorcerers
  An ugly thing (D:12)
  2 cyclopes
  A manticore (D:12)
  A moth of wrath (Gauntlet)
  A spiny frog (shapeshifter) (D:12)
  A gargoyle (D:9)
  Maggie (D:6)
  A minotaur zombie (Gauntlet)
  A komodo dragon (D:13)
  A kobold demonologist (D:9)
  7 trolls
  Grinder (D:3)
  10 slime creatures
  2 hippogriffs (D:9)
  4 shadows (Gauntlet)
  A vampire (D:9)
  10 yaks
  7 wraiths
  3 hogs (D:8)
  A human (D:8)
  5 water elementals
  2 wargs
  2 swamp worms (Gauntlet)
  An acid dragon (D:11)
  2 water moccasins
  28 orc warriors
  3 porcupines (D:11)
  5 phantoms
  3 sky beasts
  11 ice beasts
  A hornet zombie (D:9)
  12 ogres
  A black bear (D:7)
  3 necrophages
  6 wolves (Gauntlet)
  An eye of draining (D:12)
  7 centaurs
  A big kobold (D:12)
  4 crocodiles
  A wyvern zombie (D:6)
  8 bullfrogs
  A gnoll sergeant (D:12)
  6 killer bees (D:9)
  6 scorpions
  6 wights
  3 howler monkeys
  4 electric eels (D:12)
  6 crimson imps
  2 bullfrog zombies
  A centaur zombie (D:5)
  2 hounds
  3 jellies
  13 orc priests
  2 bullfrog skeletons
  A gnoll shaman (D:7)
  Ijyb (D:3)
  Natasha (thrice) (D:2)
  2 iguanas
  7 orc wizards
  6 worker ants
  5 hound skeletons
  Robin (D:2)
  6 gnolls
  5 adders
  3 river rats (Sewer)
  2 shadow imps
  An ooze (D:5)
  An adder skeleton (D:9)
  4 dart slugs
  2 worms
  6 leopard geckos
  74 orcs
  4 bats (D:1)
  8 giant cockroaches
  13 goblins
  7 hobgoblins
  7 jackals
  5 quokkas
  6 ball pythons
  8 frilled lizards
  5 kobolds
  A leopard gecko skeleton (D:7)
  A quokka skeleton (D:8)
  A quokka zombie (D:5)
  10 rats
440 creatures vanquished.

Vanquished Creatures (collateral kills)
  Snorg (D:11)
  Josephine (Orc:2)
  A hydra (D:12)
  A two-headed ogre (D:12)
  An unseen horror (D:13)
  A cyclops (D:12)
  A shining eye (Gauntlet)
  A gargoyle (D:13)
  A minotaur zombie (Gauntlet)
  A troll (D:11)
  2 golden eyes (Gauntlet)
  A bullfrog (D:12)
  A bullfrog zombie (D:6)
  A quasit (D:6)
15 creatures vanquished.

Vanquished Creatures (others)
  2 plants (D:11)
  23 withered plants (Gauntlet)
25 creatures vanquished.

Grand Total: 480 creatures vanquished

Notes
Turn   | Place    | Note
-------+----------+-------------------------------------------
     0 | D:1      | thecaretaker the Merfolk Ice Elementalist began the quest
                  | for the Orb.
     0 | D:1      | Reached XP level 1. HP: 13/13 MP: 3/3
   379 | D:1      | Reached XP level 2. HP: 13/19 MP: 5/5
   546 | D:1      | Reached skill level 5 in Ice Magic
   858 | D:1      | Reached XP level 3. HP: 23/24 MP: 6/6
  1460 | D:2      | Noticed Natasha
  1469 | D:2      | Killed Natasha
  1684 | D:2      | Learned a level 3 spell: Frozen Ramparts
  1790 | D:2      | Reached XP level 4. HP: 23/30 MP: 7/7
  2003 | D:2      | Found a shattered altar of Ashenzari.
  2036 | D:2      | Noticed Natasha
  2044 | D:2      | Killed Natasha
  2559 | D:2      | Noticed Robin
  2669 | D:2      | Killed Robin
  2894 | D:2      | Noticed Natasha
  2902 | D:2      | Killed Natasha
  2902 | D:2      | Reached XP level 5. HP: 35/35 MP: 2/9
  3149 | D:3      | Noticed Ijyb
  3154 | D:3      | Killed Ijyb
  3282 | D:3      | Learned a level 4 spell: Summon Ice Beast
  3414 | D:3      | Reached XP level 6. HP: 41/41 MP: 6/10
  3636 | D:3      | Noticed Grinder
  3662 | D:3      | Killed Grinder
  4119 | D:4      | Found a burning altar of Makhleb.
  4123 | D:4      | Found a glowing golden altar of the Shining One.
  4124 | D:4      | Found a hazy altar of Hepliaklqana.
  4175 | D:4      | Reached XP level 7. HP: 37/46 MP: 11/11
  4428 | D:4      | Found a staircase to the Ecumenical Temple.
  4442 | Temple   | Entered the Ecumenical Temple
  4560 | Temple   | Became a worshipper of Fedhas Madash
  5161 | D:5      | Entered Level 5 of the Dungeon
  5710 | D:5      | Reached skill level 5 in Spellcasting
  5860 | D:5      | Found a snail-covered altar of Cheibriados.
  5907 | D:5      | Reached XP level 8. HP: 52/52 MP: 11/16
  5946 | D:5      | Found a shimmering blue altar of Sif Muna.
  6308 | D:5      | Reached * piety under Fedhas
  6709 | D:6      | Reached skill level 5 in Dodging
  6735 | D:6      | Found Qeewiezo's Antique Armour Shop.
  6922 | D:6      | Found a glowing drain.
  6951 | Sewer    | Entered a sewer
  7565 | D:6      | Noticed Maggie
  7793 | D:6      | Found a white marble altar of Elyvilon.
  7858 | D:6      | Killed Maggie
  7858 | D:6      | Reached skill level 4 in Polearms
  8019 | D:6      | Reached skill level 5 in Polearms
  8019 | D:6      | Reached XP level 9. HP: 51/57 MP: 18/18
  8062 | D:6      | Reached ** piety under Fedhas
  8321 | D:6      | Learned a level 4 spell: Hailstorm
  8725 | D:7      | Reached skill level 6 in Polearms
  8752 | D:7      | Reached skill level 7 in Polearms
  8776 | D:7      | Reached skill level 8 in Polearms
  9090 | D:7      | Found a shadowy altar of Dithmenos.
  9483 | D:7      | Got a sparkling silver ring
  9492 | D:7      | Identified the ring "Cetyv" {rPois AC+4 Str+3 Dex+3 Stlth+}
                  | (You found it on level 7 of the Dungeon)
  9860 | D:7      | Found an ornate altar of the Wu Jian Council.
 10159 | D:8      | Reached skill level 5 in Fighting
 10311 | D:8      | Reached *** piety under Fedhas
 10434 | D:8      | Reached skill level 9 in Polearms
 10471 | D:8      | Reached skill level 10 in Polearms
 10474 | D:8      | Reached XP level 10. HP: 59/74 MP: 19/19
 10741 | D:8      | Reached skill level 11 in Polearms
 11023 | D:8      | Reached skill level 12 in Polearms
 11025 | D:8      | Reached skill level 1 in Invocations
 11151 | D:9      | Got a pair of warped gloves
 11197 | D:8      | Identified the +1 pair of gloves of Honesty {-Cast rElec
                  | rC++ Int+3} (You found it on level 9 of the Dungeon)
 11653 | D:9      | Noticed a kobold demonologist
 11662 | D:9      | Killed a kobold demonologist
 11668 | D:9      | Reached skill level 5 in Invocations
 11678 | D:9      | Noticed a deep elf mage
 11678 | D:9      | You fall into a shaft and drop 1 floor!
 11678 | D:10     | Entered Level 10 of the Dungeon
 11745 | D:10     | Noticed Erica
 11759 | D:10     | Killed Erica
 11891 | D:10     | Reached skill level 1 in Shields
 12088 | D:10     | Reached XP level 11. HP: 63/80 MP: 15/20
 12561 | D:10     | Found a staircase to the Orcish Mines.
 12630 | D:11     | Reached **** piety under Fedhas
 12689 | D:11     | Noticed Snorg
 12741 | D:11     | Killed Snorg
 12806 | D:11     | Found a frozen archway.
 12888 | IceCv    | Entered an ice cave
 12894 | IceCv    | HP: 3/81 [death yak simulacrum (39)]
 13366 | D:11     | Found a staircase to the Lair.
 13423 | D:11     | Reached skill level 13 in Polearms
 14026 | D:12     | Found a gate leading to a gauntlet.
 14031 | Gauntlet | Entered a Gauntlet
 14031 | Gauntlet | Found a transporter.
 14031 | Gauntlet | Found a transporter.
 14032 | Gauntlet | Found a transporter.
 14034 | Gauntlet | Found a transporter.
 14034 | Gauntlet | Noticed a moth of wrath
 14036 | Gauntlet | Found a transporter.
 14036 | Gauntlet | Found a transporter.
 14036 | Gauntlet | Noticed a shining eye
 14065 | Gauntlet | Killed a shining eye
 14102 | Gauntlet | Got a clouded golden amulet
 14107 | Gauntlet | Identified the amulet "Tiho" {RegenMP Int+5} (You found it
                  | in a Gauntlet)
 14140 | Gauntlet | Noticed a worldbinder
 14142 | Gauntlet | Found a transporter.
 14143 | Gauntlet | Found a transporter.
 14144 | Gauntlet | Found a transporter.
 14145 | Gauntlet | Found a transporter.
 14159 | Gauntlet | Found a transporter.
 14160 | Gauntlet | Found a transporter.
 14269 | Gauntlet | Killed a moth of wrath
 14687 | Gauntlet | Got a brightly glowing hat
 15011 | Gauntlet | Identified the +1 hat of Gimnu {rElec rCorr Int+4} (You
                  | found it in a Gauntlet)
 15030 | Gauntlet | Noticed a minotaur
 15048 | Gauntlet | Killed a minotaur
 15048 | Gauntlet | Reached XP level 12. HP: 42/88 MP: 21/21
 15066 | Gauntlet | Reached skill level 10 in Invocations
 16198 | D:11     | Learned a level 3 spell: Ozocubu's Armour
 16942 | D:12     | Noticed a seven-headed hydra
 16946 | D:12     | Killed a seven-headed hydra
 17644 | D:12     | Noticed a two-headed ogre
 17654 | D:12     | Killed a two-headed ogre
 18364 | D:13     | Noticed a centaur warrior
 18378 | D:13     | Reached skill level 14 in Polearms
 18385 | D:13     | Killed a centaur warrior
 18415 | D:13     | Reached ***** piety under Fedhas
 18741 | D:13     | Reached skill level 15 in Polearms
 18748 | D:13     | Reached XP level 13. HP: 53/99 MP: 19/22
 19071 | D:13     | Found an iron altar of Okawaru.
 19553 | D:9      | Reached skill level 16 in Polearms
 20320 | D:9      | Found a bloodstained altar of Trog.
 20321 | D:9      | Found an iron altar of Okawaru.
 20383 | D:9      | Reached skill level 17 in Polearms
 20614 | Orc:1    | Entered Level 1 of the Orcish Mines
 20751 | Orc:1    | Reached skill level 10 in Dodging
 20875 | Orc:1    | Found a roughly hewn altar of Beogh.
 21529 | Orc:2    | Entered Level 2 of the Orcish Mines
 21601 | Orc:2    | Noticed Josephine
 21645 | Orc:2    | Killed Josephine
 21767 | Orc:2    | Reached ****** piety under Fedhas
 21942 | Orc:2    | Reached skill level 1 in Charms
 22009 | Orc:2    | Noticed an ettin
 22020 | Orc:2    | Killed an ettin
 22898 | Orc:2    | Found a staircase to the Elven Halls.
 23104 | Orc:2    | Found Leax's Weapon Boutique.
 23142 | Orc:2    | Paralysed by a chaos spawn for 7 turns
 23145 | Orc:2    | HP: 5/100 [orc high priest/+0 dire flail (10)]
 23145 | Orc:2    | Killed from afar by a smoke demon

Illustrated notes

Levels and vault maps discovered:
D:1:      dpeg_arrival_rhombus, layout_basic, interstate_on_off
D:2:      minmay_spotlight, layout_basic, nicolae_ashenzari_panopticon,
          uniq_natasha, uniq_robin
D:3:      lemuel_upstairs_altar, layout_loops_ring, uniq_ijyb, uniq_grinder
D:4:      layout_loops_ring, grunt_temple_overflow_open,
          minmay_temple_entry_waves, first_ration, abandoned_shop,
          minmay_misc_feat_five
D:5:      layout_loops_corners, lemuel_round_altar, led_sif_pool
D:6:      layout_basic, elyvilon_altar_5, serial_shops, shop,
          cheibrodos_sewer_entry_bend, minmay_pentangle, uniq_maggie
D:7:      layout_basic, lemuel_coloured_pillars_altar,
          nicolae_dithmenos_the_darkroom
D:8:      layout_basic, grunt_livestock
D:9:      minmay_the_grid_3x3 [minmay_the_grid_tri_star,
          minmay_the_grid_zigzag_pyramid, minmay_the_grid_paths,
          minmay_the_grid_eight, minmay_the_grid_outer_circle,
          minmay_the_grid_minigrid_small_alt, minmay_the_grid_aliased_spiral,
          minmay_the_grid_plusring, minmay_the_grid_prize_inner_circle],
          layout_rooms, grunt_temple_overflow_bloody_war
D:10:     layout_rooms, orc_0_dummy, moated_statue, nicolae_underground_beach,
          uniq_erica
D:11:     layout_roguey, minmay_lair_entry_grove,
          portal_ice_cave_entry_ice_beasts, chequers_serial_rivers_small_3,
          minmay_splitting_lines, hangedman_decor_slide_cut, uniq_snorg
D:12:     kennysheep_windowed_halls, layout_basic, gauntlet_entry_generic
D:13:     layout_rooms, basic_altar
Temple:   minmay_temple_curvy_loop
Orc:1:    layout_caves, basic_altar, mines3_lemuel
Orc:2:    pubby_orc_utopia, serial_shops, uniq_josephine

Skill      XL: |  1  2  3  4  5  6  7  8  9 10 11 12 13 |
---------------+----------------------------------------+-----
Ice Magic      | 5 6 7 8 |  8.6
Spellcasting   | 3 5 6 |  6.0
Summonings     | 2 3 |  3.2
Dodging        | 7 9 11 | 11.4
Polearms       | 5 10 12 13 15 17 | 17.2
Fighting       | 5 6 8 9 |  9.1
Invocations    | 7 9 11 | 11.7
Shields        | 3 4 |  4.0
Charms         | 3 |  3.0
Stealth        | |  2.1

Action                   |  1- 3 |  4- 6 |  7- 9 | 10-12 | 13-15 || total
-------------------------+-------+-------+-------+-------+-------++-------
Melee: Short sword       |    62 |    62 |   265 |       |       ||   389
       Unarmed           |     1 |       |       |       |       ||     1
       Halberd           |       |       |    43 |   114 |       ||   157
       Trident           |       |       |       |   644 |   507 ||  1151
       Glaive            |       |       |       |    41 |       ||    41
Throw: Dart              |       |       |     7 |     7 |       ||    14
 Cast: Freeze            |     6 |    11 |    13 |     4 |     8 ||    42
       Frozen Ramparts   |       |     5 |    21 |    30 |    28 ||    84
       Summon Ice Beast  |       |     2 |     9 |    21 |     9 ||    41
       Hailstorm         |       |       |       |       |     2 ||     2
       Ozocubu's Armour  |       |       |       |       |     1 ||     1
Invok: Wall of Briars    |       |       |       |     6 |       ||     6
       Overgrow          |       |       |       |     1 |       ||     1
Evoke: Wand              |       |       |       |     9 |       ||     9
       Phantom mirror    |       |       |       |     1 |       ||     1
  Use: Potion            |       |     4 |       |     5 |       ||     9
       Scroll            |       |       |    15 |     8 |     1 ||    24
 Stab: Sleeping          |     1 |     2 |     9 |    14 |     9 ||    35
       Distracted        |       |       |     1 |     1 |     3 ||     5
       Paralysed         |       |       |       |     7 |       ||     7
       Invisible         |       |       |       |     1 |       ||     1
  Eat: Chunk             |     2 |     9 |    16 |    26 |    17 ||    70
       Ration            |       |       |     2 |     2 |       ||     4
Armor: Robe              |    12 |    11 |    39 |       |    18 ||    80
       Acid dragon scale |       |       |    30 |   136 |    31 ||   197
Dodge: Dodged            |    47 |    43 |   243 |   335 |   201 ||   869
Block: Buckler           |       |       |       |    86 |    55 ||   141
